 Dungeon Crawl Stone Soup version 0.28-a0-655-g4eb62b627b (webtiles) character file.

Game seed: 14478830536999701889

9921 runemasterragnar the Protected (level 11, -8/78 HPs)
             Began as a Djinni Hedge Wizard on Oct 13, 2021.
             Was a High Priest of Zin.
             Constricted to death by Jorgrun (13 damage)
             ... on level 1 of the Orcish Mines.
             The game lasted 01:02:48 (17706 turns).

runemasterragnar the Protected (DjWz)              Turns: 17706, Time: 01:02:49

Health: -8/78      AC: 15    Str: 12    XL:     11   Next: 83%
Gold:   2141       EV:  8    Int: 16    God:    Zin [*****.] SH:  6 Dex: 15

rFire   + + +      SeeInvis .   r - +0 long sword
rCold   x . .      Faith    .   f - +0 buckler
rNeg    + . .      Spirit   +   o - +3 ring mail
rPois   ∞          Reflect  .   i - +1 helmet
rElec   .          Harm     .   u - +2 cloak
rCorr   .          Rampage  .   (no gloves)
Will    +....                   (boots unavailable)
Stlth   +.........              e - amulet of Patience {Spirit rF+ Str+2}
HPRegen 0.23/turn               d - ring of positive energy
MPRegen 0.00/turn               n - ring of wizardry

@: grasped by roots, flying, constricted, studying Armour
A: sickness immunity, fire resistance 2, cold vulnerability 1, float, innate
caster, hp casting, extra vitality 1
a: Renounce Religion, Recite, Vitalisation, Imprison, Sanctuary, Donate Gold


You were on level 1 of the Orcish Mines.
You worshipped Zin.
Zin was extremely pleased with you.
You visited 2 branches of the dungeon, and saw 12 of its levels.
You also visited: Bailey.

You collected 2334 gold pieces.
You donated 193 gold pieces to Zin.

Inventory:

Hand Weapons
 a - a +0 dagger
 k - a +1 rapier
 l - a +0 war axe
 r - a +0 long sword (weapon)
 z - a +0 vorpal falchion
Missiles
 j - 153 stones
 y - 2 boomerangs
 A - 4 throwing nets
Armour
 f - a +0 buckler (worn)
 i - a +1 helmet (worn)
 o - a +3 ring mail (worn)
 p - +0 steam dragon scales
 s - a +0 ring mail
 u - a +2 cloak (worn)
Magical Staves
 H - a staff of earth
Jewellery
 d - a ring of positive energy (left hand)
 e - the amulet of Patience (around neck) {Spirit rF+ Str+2}
   (You found it on level 7 of the Dungeon)

   [amulet of guardian spirit]

   It causes incoming damage to be divided between your reserves of health and
   magic.
   Str:       It affects your strength (+2).
   rF:        It protects you from fire.
 h - a ring of wizardry
 n - a ring of wizardry (right hand)
 D - a ring of resist corrosion
 E - an amulet of reflection
 F - an amulet of faith
 G - a +6 ring of intelligence
Wands
 b - a wand of acid (7)
 g - a wand of flame (23)
Scrolls
 t - 2 scrolls of enchant weapon
 B - a scroll of silence
Potions
 v - a potion of might
 w - a potion of resistance
 x - a potion of attraction
 C - a potion of ambrosia


   Skills:
 + Level 6.7 Fighting
 - Level 3.3(4.4) Short Blades
 + Level 4.4(5.0) Long Blades
 + Level 9.4 Armour
 - Level 2.2 Dodging
 - Level 1.6 Stealth
 + Level 6.5 Shields
 * Level 7.9 Spellcasting
 + Level 6.7 Invocations


You couldn't memorise any spells.
You knew the following spells:

 Your Spells              Type           Power      Damage    Failure   Level
a - Magic Dart            Conj           100%       1d8       1%          1
b - Blink                 Tloc           N/A        N/A       1%          2
c - Call Imp              Summ           31%        N/A       1%          2
d - Slow                  Hex            31%        N/A       1%          2
e - Conjure Flame         Conj/Fire      31%        6-21      1%          3
f - Mephitic Cloud        Conj/Pois/Air  31%        N/A       1%          3
g - Sandblast             Erth           62%        2d14      1%          1
h - Ensorcelled Hibernat  Hex/Ice        62%        N/A       1%          2
i - Static Discharge      Conj/Air       31%        N/A       1%          2
j - Summon Guardian Gole  Hex/Summ       31%        N/A       1%          3
k - Petrify               Tmut/Erth      31%        N/A       3%          4
Your spell library was empty.

Dungeon Overview and Level Annotations

Branches:
Dungeon (11/15)            Temple (0/1) D:4            Lair (0/6) D:9
    Orc (1/2) D:11         Bailey (visited)

Altars:
Elyvilon
Sif Muna
Zin

Shops:
D:1 *   D:4 [

Portals:
Trove: D:10 (give +3 fire dragon scales)

Annotations:
Orc:1 Jorgrun


Innate Abilities, Weirdness & Mutations

You are immune to sickness and miasma.
You are immune to poison.
Your flesh is very heat resistant. (rF++)
You are vulnerable to cold. (rC-)
You float through the air rather than walking.
You learn spells naturally, not from books.
Your magical power is your life essence.
You have superior vitality. (+4 HP)


Message History

You feel better.
Your divine stamina fades away.
The orc warrior hits you but does no damage.
The teleport trap disappears.
The orc disappears!
An orc comes into view. It is wielding a +0 trident.
Found 30 gold pieces.
You block the orc warrior's attack. You block the orc's attack.
What are your orders? t - Shout!
Orders for allies: a - Attack new target. r - Retreat! s - Stop attacking. g - Guard the area. f - Follow me.
Anything else - Cancel.
Okay, then.
The orc hits you but does no damage.
The orc sorcerer casts a spell.
The orc warrior barely misses you. The orc warrior barely misses you.
Jorgrun casts a spell at you.
Roots burst forth from the earth!
The grasping roots grab you! The grasping roots constrict you!
* * * LOW HITPOINT WARNING * * *
You escape the roots' grasp.
The orc warrior closely misses you.
Okay, then.
What are your orders? t - Shout!
Orders for allies: a - Attack new target. r - Retreat! s - Stop attacking. g - Guard the area. f - Follow me.
Anything else - Cancel.
Okay, then.
The orc barely misses you. The orc warrior misses you.
The orc hits you but does no damage. The orc warrior closely misses you.
You block the orc's attack. Jorgrun gestures at you while chanting.
Roots burst forth from the earth!
The grasping roots grab you! The grasping roots constrict you!
You die...

...... #...#.##
#......## ##
#.......###.##
#........#...#
.......#....##
#....$.....##
##@..........
##.oo.........
##...o.....#...
##.#...oo.........
#...............$.
#.....#.og.........
##.....#..........#
#.........><.......
#...........oo.....


You could see Jorgrun, an orc sorcerer, 2 orc warriors and 3 orcs.

Vanquished Creatures
  Harold (D:9)
  A two-headed ogre (D:8)
  A cyclops (D:7)
  A manticore (D:8)
  Maurice (D:9)
  A kobold demonologist (D:9)
  2 shadows
  Sigmund (D:4)
  A wyvern (D:7)
  8 yaks
  A steam dragon (D:8)
  2 wargs (D:9)
  Edmund (D:4)
  An acid dragon (D:8)
  A water moccasin (D:7)
  11 orc warriors
  2 hornet zombies
  A black bear (D:7)
  2 ice beasts (D:6)
  A sky beast (D:5)
  12 ogres
  3 centaurs (D:9)
  A phantom (D:4)
  3 kobold brigands
  3 bullfrogs
  A wyvern zombie (D:6)
  A scorpion (D:6)
  7 killer bees
  A centaur zombie (D:8)
  3 gnoll shamans (D:9)
  3 jellies
  4 orc priests
  A hound (D:5)
  Natasha (thrice) (D:2)
  An iguana (D:7)
  13 orc wizards
  2 howler monkey zombies (D:9)
  18 gnolls
  6 adders
  4 shadow imps
  An ufetubus (D:7)
  An adder skeleton (D:4)
  2 worms
  2 dart slugs
  45 orcs
  4 endoplasms
  5 giant cockroaches
  18 goblins
  10 hobgoblins
  5 jackals
  15 kobolds
  6 quokkas
  6 ball pythons
  6 bats
  5 frilled lizards
  2 rats
264 creatures vanquished.

Vanquished Creatures (collateral kills)
  A killer bee (D:10)
1 creature vanquished.

Vanquished Creatures (others)
  2 orc wizards
  A gnoll (D:9)
  2 orcs (D:8)
  A butterfly (D:11)
  6 fungi (D:9)
  12 plants (D:9)
24 creatures vanquished.

Grand Total: 289 creatures vanquished

Notes
Turn   | Place    | Note
-------+----------+-------------------------------------------
     0 | D:1      | runemasterragnar the Djinni Hedge Wizard began the quest
                  | for the Orb.
     0 | D:1      | Reached XP level 1. HP: 15/15 MP: 0/0
    12 | D:1      | Noticed an electric eel
    65 | D:1      | Found a faded altar of an unknown god.
    76 | D:1      | Prayed at the altar of an unknown god.
    76 | D:1      | Became a worshipper of Zin the Law-Giver
    76 | D:1      | Reached * piety under Zin
   623 | D:1      | Reached XP level 2. HP: 22/22 MP: 0/0
   624 | D:1      | Found Pusay's Assorted Antiques.
  1307 | D:1      | Reached XP level 3. HP: 24/26 MP: 0/0
  1307 | D:1      | Learned a level 1 spell: Sandblast
  1665 | D:1      | Reached skill level 1 in Fighting
  2073 | D:2      | Reached skill level 1 in Invocations
  2530 | D:2      | Reached ** piety under Zin
  2583 | D:2      | Reached XP level 4. HP: 23/32 MP: 0/0
  2583 | D:2      | Noticed Natasha
  2587 | D:2      | Identified 3 scrolls of acquirement
  2587 | D:2      | Acquired 710 gold pieces
  2588 | D:2      | Reached *** piety under Zin
  2589 | D:2      | Acquired 1096 gold pieces
  2590 | D:2      | Reached **** piety under Zin
  2590 | D:2      | Reached ***** piety under Zin
  2595 | D:2      | Acquired a manual of Armour
  2602 | D:2      | Killed Natasha
  2603 | D:2      | Reached skill level 1 in Armour
  2603 | D:2      | Reached skill level 1 in Shields
  2666 | D:2      | Noticed Natasha
  3395 | D:3      | Reached XP level 5. HP: 37/37 MP: 0/0
  3395 | D:3      | Learned a level 2 spell: Ensorcelled Hibernation
  3665 | D:2      | Killed Natasha
  3880 | D:2      | Noticed Natasha
  3890 | D:2      | Killed Natasha
  3891 | D:2      | Reached skill level 2 in Armour
  4196 | D:4      | Reached XP level 6. HP: 40/43 MP: 0/0
  4466 | D:4      | Noticed Sigmund
  4668 | D:4      | Killed Sigmund
  4669 | D:4      | Reached skill level 1 in Short Blades
  4669 | D:4      | Reached XP level 7. HP: 43/49 MP: 0/0
  4669 | D:4      | Learned a level 2 spell: Static Discharge
  4768 | D:4      | Found a staircase to the Ecumenical Temple.
  4779 | D:4      | Reached skill level 3 in Armour
  5670 | D:4      | Found Wotaocre's Armour Shoppe.
  5775 | D:4      | Noticed Edmund
  5786 | D:4      | Killed Edmund
  5787 | D:4      | Reached skill level 4 in Armour
  5787 | D:4      | Reached XP level 8. HP: 40/56 MP: 0/0
  6041 | D:5      | Entered Level 5 of the Dungeon
  6868 | D:5      | Reached skill level 5 in Armour
  7290 | D:6      | Reached skill level 5 in Spellcasting
  7290 | D:6      | Reached XP level 9. HP: 38/62 MP: 0/0
  7290 | D:6      | Learned a level 3 spell: Summon Guardian Golem
  8634 | D:7      | Reached skill level 6 in Armour
  8885 | D:7      | Noticed a cyclops
  8907 | D:7      | Identified the amulet of Patience {Spirit rF+ Str+2}
  8936 | D:8      | Noticed a two-headed ogre
  9461 | D:8      | Reached skill level 1 in Long Blades
 10182 | D:8      | Reached XP level 10. HP: 33/69 MP: 0/0
 10195 | D:8      | Reached skill level 5 in Fighting
 10198 | D:8      | Reached skill level 5 in Invocations
 10528 | D:7      | Reached skill level 7 in Armour
 10790 | D:7      | Reached skill level 5 in Shields
 10934 | D:7      | Killed a cyclops
 11900 | D:8      | Killed a two-headed ogre
 12364 | D:8      | Noticed a manticore
 12392 | D:8      | Killed a manticore
 12393 | D:8      | Reached skill level 8 in Armour
 12500 | D:9      | Noticed Maurice
 12509 | D:9      | Reached XP level 11. HP: 35/76 MP: 0/0
 12509 | D:9      | Learned a level 4 spell: Petrify
 12516 | D:9      | Killed Maurice
 12724 | D:9      | Found a staircase to the Lair.
 14968 | D:9      | Noticed Harold
 14998 | D:9      | Killed Harold
 15194 | D:9      | Reached skill level 9 in Armour
 16635 | D:10     | Entered Level 10 of the Dungeon
 16661 | D:10     | Found a portal to a secret trove of treasure.
 16713 | D:10     | Noticed a cyclops
 16821 | D:11     | Noticed a purple ugly thing
 16824 | D:11     | Found a white marble altar of Elyvilon.
 16832 | D:11     | Noticed a five-headed hydra
 16858 | D:11     | Noticed a skeletal warrior
 16875 | D:11     | Noticed a skeletal warrior
 16878 | D:11     | Noticed a skeletal warrior
 16879 | D:11     | Found a flagged portal.
 16897 | Bailey   | Entered a bailey
 17539 | Bailey   | Noticed an orc knight
 17540 | Bailey   | Noticed an orc knight
 17545 | Bailey   | Noticed an orc knight
 17694 | D:11     | Found a staircase to the Orcish Mines.
 17694 | D:11     | Noticed a two-headed ogre
 17697 | Orc:1    | Entered Level 1 of the Orcish Mines
 17697 | Orc:1    | Noticed Jorgrun
 17698 | Orc:1    | Noticed an orc sorcerer
 17706 | Orc:1    | Constricted to death by Jorgrun

Illustrated notes

Levels and vault maps discovered:
D:1:      arrival_aquarium_a, layout_loops_corners,
          dreamdust_ecumenical_altar_statues, serial_shops,
          nicolae_shop_waterfront
D:2:      layout_rooms, uniq_natasha
D:3:      layout_loops_cross, hangedman_decor_slide_cut, kennysheep_path_1,
          minmay_crystal_room
D:4:      layout_loops_corners, minmay_temple_entry_crystal_x, serial_shops,
          shop, uniq_edmund, uniq_sigmund
D:5:      layout_basic
D:6:      layout_basic, lemuel_blue_sif_altar, minmay_misc_feat_columns
D:7:      layout_basic
D:8:      layout_basic
D:9:      kennysheep_seaside_town, layout_irregular_city,
          erik_lair_orcish_takeover, uniq_harold, uniq_maurice
D:10:     layout_basic, enter_trove_2, minmay_misc_feat_secret_circle
D:11:     layout_basic, erik_orc_2, enter_bailey_5,
          nicolae_elyvilon_peaceful_grove
Orc:1:    layout_caves, uniq_jorgrun

Skill      XL: |  1  2  3  4  5  6  7  8  9 10 11 |
---------------+----------------------------------+-----
Fighting       | 1 2 3 4 5 6 |  6.7
Invocations    | 1 2 3 4 5 6 |  6.7
Armour         | 1 2 4 5 6 8 9 |  9.4
Shields        | 1 2 3 4 5 6 |  6.5
Spellcasting   | 3 4 5 6 7 |  7.9
Short Blades   | 1 2 3 |  3.3
Long Blades    | 1 3 4 |  4.4
Dodging        | |  2.2
Stealth        | |  1.6

Action                   |  1- 3 |  4- 6 |  7- 9 | 10-12 || total
-------------------------+-------+-------+-------+-------++-------
Melee: Dagger            |   220 |    66 |     1 |     2 ||   289
       Rapier            |       |    30 |   131 |       ||   161
       Long sword        |       |       |    64 |   385 ||   449
       Unarmed           |       |       |     5 |       ||     5
       Staff             |       |       |       |     1 ||     1
 Cast: Magic Dart        |    28 |     4 |    41 |    20 ||    93
       Sandblast         |       |    21 |    67 |   132 ||   220
       Mephitic Cloud    |       |     1 |    20 |    66 ||    87
       Ensorcelled Hiber |       |       |    22 |     8 ||    30
       Slow              |       |       |     3 |     4 ||     7
       Blink             |       |       |     3 |     4 ||     7
       Static Discharge  |       |       |     7 |     4 ||    11
       Summon Guardian G |       |       |     2 |       ||     2
       Conjure Flame     |       |       |       |     2 ||     2
       Petrify           |       |       |       |    10 ||    10
Invok: Recite            |     2 |     3 |     3 |    18 ||    26
       Vitalisation      |       |     1 |     2 |     5 ||     8
Evoke: Wand              |       |       |    12 |    10 ||    22
  Use: Potion            |     1 |     2 |     2 |     5 ||    10
       Scroll            |     4 |     6 |    10 |     9 ||    29
 Stab: Sleeping          |       |       |     4 |     2 ||     6
       Confused          |       |       |     4 |    29 ||    33
       Paralysed         |       |       |       |     8 ||     8
       Invisible         |       |       |       |     4 ||     4
Armor: Scale mail        |    21 |       |       |       ||    21
       Robe              |     1 |       |       |       ||     1
       Ring mail         |    81 |    32 |    86 |   214 ||   413
       Skin              |       |       |     4 |       ||     4
Dodge: Dodged            |   119 |    53 |   119 |   264 ||   555
Block: Buckler           |    27 |    16 |    56 |   169 ||   268

Table legend: (Time is in decaauts)
 A = Elapsed time spent in this place.
 B = Non-inter-level travel time spent in this place.
 C = Inter-level travel time spent in this place.
 D = Time resting spent in this place.
 E = Time spent auto-exploring this place.
 F = Levels seen in this place.
 G = Mean time per level.
                   A        B        C        D        E       F      G
               +--------+--------+--------+--------+--------+-----+--------+
         Total |  17855 |  17354 |    501 |   3900 |   9430 |  13 | 1373.5 |
       Dungeon |  17071 |  16570 |    501 |   3642 |   9156 |  11 | 1551.9 |
  Orcish Mines |      8 |      8 |      0 |      0 |      0 |   1 |    8.0 |
        Bailey |    775 |    775 |      0 |    258 |    274 |   1 |  775.0 |
               +--------+--------+--------+--------+--------+-----+--------+

Top non-repeatable levels by time:
     D:8: 2962 daAuts
     D:7: 2741 daAuts
     D:9: 2346 daAuts
     D:1: 2229 daAuts
     D:4: 1762 daAuts
     D:6: 1492 daAuts
     D:3: 1148 daAuts
     D:5: 1136 daAuts
     D:2: 952 daAuts
  Bailey: 775 daAuts
    D:11: 154 daAuts
    D:10: 144 daAuts
   Orc:1: 8 daAuts
